 Dungeon Crawl Stone Soup version 0.20-a0-257-gcba8977 (webtiles) character file.

505 Gorfmaster the Ruffian (level 6, -1/59 HPs)
             Began as a Troll Chaos Knight on Dec 2, 2016.
             Slain by a sky beast (3 damage)
             ... on level 4 of the Dungeon.
             The game lasted 00:08:35 (1721 turns).

Gorfmaster the Ruffian (Troll Chaos Knight)         Turns: 1721, Time: 00:08:37

Health: -1/59      AC:  7    Str: 21    XL:     6   Next: 96%
Magic:  5/5        EV: 10    Int:  8    God:    Xom [.....*]
Gold:   279        SH:  0    Dex: 11    Spells: 5/5 levels left

rFire  . . .     SeeInvis .       - Unarmed
rCold  . . .     Gourm    +     a - +2 robe
rNeg   . . .     Faith    .     (no shield)
rPois  .         Spirit   .     (helmet restricted)
rElec  .         Reflect  .     (no cloak)
rCorr  .         Harm     .     (gloves unavailable)
MR     .....                    (boots unavailable)
Stlth  ++........               (no amulet)
                                (no ring)
                                m - ring of stealth

@: drained
A: unfitting armour, claws 3, fast metabolism 3, gourmand, regeneration 1,
shaggy fur 1, tough skin 2
a: Renounce Religion


You were on level 4 of the Dungeon.
You worshipped Xom.
You were Xom's teddy bear.
You were very full.

You visited 1 branch of the dungeon, and saw 4 of its levels.

You collected 279 gold pieces.

Inventory:

Armour
 a - a +2 robe (worn)
Jewellery
 m - a ring of stealth (left claw)
Wands
 g - a wand of acid (1/15)
Scrolls
 e - 3 scrolls of recharging
 j - 2 scrolls of identify
Potions
 c - a potion of magic
Comestibles
 b - 4 bread rations
 d - 2 slices of pizza
 f - 3 beef jerkies
 i - a chunk of flesh


   Skills:
 + Level 2.7(1.9) Fighting
 + Level 2.1(1.3) Dodging
 * Level 7.7(6.7) Unarmed Combat


You had 5 spell levels left.
You didn't know any spells.

Dungeon Overview and Level Annotations

Branches:
Dungeon (4/15)
 Temple: D:4-7

Altars:
Dithmenos
Elyvilon
Makhleb
Zin

Annotations:
D:4 Robin


Innate Abilities, Weirdness & Mutations

You are too large for most types of armour.
You have claws for hands.
Your metabolism is lightning-fast.
You like to eat raw meat.
Your natural rate of healing is unusually fast.
You are covered in fur. (AC +1)
You have very tough skin. (AC +2)


Message History

The goblin misses you.
Some of the chunks of flesh in your inventory have rotted away.
You closely miss something. "Serve the mortal, my children!"
You are now Xom's teddy bear.
The hound skeleton bites the fungus.
The hobgoblin hits you but does no damage.
Something hits you but does no damage.
The hound skeleton bites the fungus.
You closely miss something.
The goblin hits the fungus with a club.
The goblin barely misses you.
Your ufetubus barely misses something.
Your ufetubus hits something.
The hobgoblin hits you but does no damage.
Something hits you but does no damage.
The hound skeleton bites the fungus.
You scratch something.
Your shadow imp closely misses something.
Your ufetubus barely misses something.
Your ufetubus misses something.
The goblin hits the fungus with a club.
The goblin hits you but does no damage.
The hound skeleton bites the fungus.
Something hits you.
You die...
Xom is highly amused!

.............(...
......................∆ ##
##..........PP.PP......
..##...........P...P......
...............P.$$P......
.............O.PZg$....>..
...............PPP5P#.....
........>.....##5{#####...
.......<#.....##@## .#
..##.........gggg# #
####.).....O### ##......#
##........######.....#.
#.........##.......... ..
#..)......#..##.#....###..
##.........................
#####..........#..............#
..5##[#........÷<..............


You could see an ogre, Robin, a hobgoblin, 3 goblins, a hound skeleton, a
friendly shadow imp and a friendly ufetubus.

Vanquished Creatures
  The ghost of Gorfmaster the Slasher, a novice FoCK of Xom (D:3)
  An orc priest (D:4)
  A worker ant (D:3)
  6 adders
  2 oozes (D:3)
  A worm (D:3)
  3 dart slugs
  3 leopard geckos
  4 orcs (D:4)
  8 bats
  4 giant cockroaches
  17 goblins
  5 hobgoblins
  2 jackals (D:3)
  9 kobolds
  2 quokkas
  5 frilled lizards
  10 rats
  A fungus (D:4)
85 creatures vanquished.

Vanquished Creatures (others)
  2 fungi (D:4)
2 creatures vanquished.

Grand Total: 87 creatures vanquished

Notes
Turn   | Place    | Note
-------+----------+-------------------------------------------
     0 | D:1      | Gorfmaster the Troll Chaos Knight began the quest for the Orb.
     0 | D:1      | Reached XP level 1. HP: 22/22 MP: 0/0
    31 | D:1      | XOM: divination: magic mapping
   131 | D:1      | Reached XP level 2. HP: 29/29 MP: 1/1
   300 | D:1      | Reached skill level 4 in Unarmed Combat
   517 | D:1      | Reached XP level 3. HP: 36/36 MP: 2/2
   795 | D:2      | Found a shadowy altar of Dithmenos.
   799 | D:2      | Found a glowing silver altar of Zin.
   799 | D:2      | Found a burning altar of Makhleb.
   805 | D:2      | Found a white marble altar of Elyvilon.
  1118 | D:3      | Reached skill level 5 in Unarmed Combat
  1118 | D:3      | Reached XP level 4. HP: 40/44 MP: 3/3
  1226 | D:3      | Noticed Gorfmaster's ghost (novice FoCK)
  1230 | D:3      | XOM: harmless Summ miscast
  1238 | D:3      | XOM: potion effect (brilliance)
  1239 | D:3      | Killed Gorfmaster's ghost
  1239 | D:3      | Reached skill level 7 in Unarmed Combat
  1239 | D:3      | Reached XP level 5. HP: 44/50 MP: 4/4
  1239 | D:3      | Reached XP level 6. HP: 52/59 MP: 5/5
  1487 | D:4      | XOM is BORED!
  1487 | D:4      | XOM: draining
  1545 | D:4      | Xom revived you
  1650 | D:4      | XOM: summons 2 friendly demons
  1677 | D:4      | Noticed a sky beast
  1688 | D:4      | Noticed Robin
  1717 | D:4      | XOM: divination: detect items
  1718 | D:4      | HP: 1/59 [something (5)]
  1719 | D:4      | XOM: summons 2 friendly demons
  1721 | D:4      | Slain by a sky beast

Vault maps used:
D:1:      lemuel_arrival_broad_hall, minmay_pentomino_w2
D:2:      grunt_temple_overflow_open, serial_bayou_pond_c
D:3:      first_bread
D:4:      serial_shops, shop, minmay_gold_behind_fungi, uniq_robin

Skill      XL: |  1  2  3  4  5  6 |
---------------+-------------------+-----
Unarmed Combat | 4 5 7 |  7.7
Dodging        | 2 |  2.1
Fighting       | |  2.7

Action                   |  1- 3 |  4- 6 || total
-------------------------+-------+-------++-------
Melee: Unarmed           |   110 |   122 ||   232
       Punch             |     1 |     4 ||     5
Evoke: Wand              |       |     4 ||     4
  Use: Scroll            |     6 |     2 ||     8
       Potion            |       |     1 ||     1
 Stab: Sleeping          |       |     1 ||     1
  Eat: Chunk             |    16 |     5 ||    21
Armor: Robe              |    44 |    50 ||    94
Dodge: Dodged            |    63 |    55 ||   118
